 Dungeon Crawl Stone Soup version 0.29.1-1-gd02db6906a (webtiles) character file.

Game seed: 7751428320095742545

123 Icepheonix32 the Trooper (level 4, -2/42 HPs)
             Began as a Minotaur Fighter on Sept 20, 2022.
             Killed from afar by an orc wizard (10 damage)
             ... with a magic dart
             ... on level 3 of the Dungeon.
             The game lasted 00:02:00 (1536 turns).

Icepheonix32 the Trooper (Minotaur Fighter)         Turns: 1536, Time: 00:02:00

Health: -2/42      AC:  7    Str: 22    XL:     4   Next: 79%
Magic:  3/3        EV:  9    Int:  5    God:
Gold:   114        SH:  4    Dex: 10    Spells: 3/3 levels left

rFire   . . .      SeeInvis .   a - +0 war axe
rCold   . . .      Faith    .   c - +0 buckler
rNeg    + . .      Spirit   .   b - +0 scale mail
rPois   .          Reflect  .   (helmet restricted)
rElec   .          Harm     .   (no cloak)
rCorr   .          Rampage  .   (no gloves)
Will    .....                   (no boots)
Stlth   ..........              h - amulet of the acrobat
HPRegen 0.14/turn               i - ring of positive energy
MPRegen 0.08/turn               (no ring)

@: flying
A: horns 2, retaliatory headbutt
a: no special abilities


You were on level 3 of the Dungeon.
You visited 1 branch of the dungeon, and saw 3 of its levels.

You collected 114 gold pieces.

Inventory:

Hand Weapons
 a - a +0 war axe (weapon)
Armour
 b - a +0 scale mail (worn)
 c - a +0 buckler (worn)
Jewellery
 h - an amulet of the acrobat (around neck)
 i - a ring of positive energy (left hand)
Scrolls
 e - 2 scrolls of identify
 g - a scroll of enchant weapon
 m - 2 scrolls of fog {unknown}
Potions
 d - a potion of might
 f - a potion of heal wounds
 l - a potion of attraction {unknown}


   Skills:
 * Level 5.0 Fighting
 + Level 3.9 Axes
 + Level 4.2 Armour
 + Level 0.5 Dodging
 + Level 4.1 Shields


You had 3 spell levels left.
You didn't know any spells.
Your spell library was empty.

Dungeon Overview and Level Annotations

Branches:
Dungeon (3/15)

Altars:


Innate Abilities, Weirdness & Mutations

You have a pair of horns on your head.
You reflexively headbutt those who attack you in melee.


Message History

The giant cockroach bites you but does no damage.
The orc hits you but does no damage. The orc wizard casts a spell at you.
You resist with some effort. The ball python closely misses you. x2
The giant cockroach bites you.
You hit the ball python.
You kill the ball python!
You hit the orc but do no damage. You closely miss the giant cockroach.
You slash the orc priest! You closely miss the orc wizard.
The orc priest hits you but does no damage.
The orc hits you with a +0 club.
* * * LOW HITPOINT WARNING * * *
The orc wizard hits you but does no damage.
The giant cockroach bites you.
* * * LOW HITPOINT WARNING * * *
The orc priest hits you but does no damage.
You block the orc's attack.
The orc wizard hits you but does no damage.
You barely miss the orc priest. Your headbutt misses the orc priest.
The orc priest is heavily wounded.
You barely miss the giant cockroach. You closely miss the orc wizard.
You hit the orc but do no damage.
The giant cockroach bites you but does no damage. x2
The orc priest hits you but does no damage.
The orc hits you with a +0 club.
* * * LOW HITPOINT WARNING * * *
The orc wizard casts a spell.
The orc wizard flickers and vanishes!
Deactivating autopickup; reactivate with Ctrl-A.
Unknown command.
You slash the orc priest!
You kill the orc priest!
You slash the orc!
You kill the orc!
You closely miss the giant cockroach. You miss something.
You block the giant cockroach's attack.
You hear some strange, mumbled words.
A magic dart appears from out of thin air!
The magic dart hits you!
You die...

..... .[.(###
#..... #....##
##.....##
##......)###
#..).)......
#{)B)...##
##@†.....#
##)..##.##
#........
#......).......
.#.####.####.##
#.# .# ... #
#.# ...


You could see a giant cockroach.

Vanquished Creatures
  2 orc priests (D:3)
  An orc wizard (D:3)
  An adder (D:2)
  4 orcs (D:3)
  3 ball pythons
  6 endoplasms
  3 giant cockroaches
  6 goblins
  2 hobgoblins (D:1)
  6 jackals (D:1)
  2 kobolds
  2 quokkas
  6 bats
  3 frilled lizards
  9 rats
56 creatures vanquished.

Vanquished Creatures (others)
  6 fungi (D:2)
  2 plants (D:2)
8 creatures vanquished.

Grand Total: 64 creatures vanquished

Notes
Turn   | Place    | Note
-------+----------+-------------------------------------------
     0 | D:1      | Icepheonix32 the Minotaur Fighter began the quest for the
                  | Orb.
     0 | D:1      | Reached XP level 1. HP: 19/19 MP: 0/0
   186 | D:1      | Reached skill level 4 in Fighting
   209 | D:1      | Reached XP level 2. HP: 26/27 MP: 1/1
   486 | D:1      | Reached XP level 3. HP: 34/34 MP: 2/2
  1153 | D:2      | Found a faded altar of an unknown god.
  1528 | D:3      | Reached skill level 5 in Fighting
  1528 | D:3      | Reached XP level 4. HP: 18/42 MP: 3/3
  1536 | D:3      | Killed from afar by an orc wizard

Illustrated notes

Levels and vault maps discovered:
D:1:      eino_arrival_druids_welcome, layout_basic, minmay_unequal
D:2:      layout_rooms, shapermc_ecumenical_altar_hornbeckon
D:3:      layout_loops_ring

Skill      XL: |  1  2  3 |
---------------+----------+-----
Fighting       | 4 5 |  5.0
Armour         | 4 |  4.2
Shields        | 4 |  4.1
Axes           | 3 |  3.9
Dodging        | |  0.5

Action                   |  1- 3 |  4- 6 || total
-------------------------+-------+-------++-------
Melee: War axe           |   128 |     6 ||   134
       Headbutt          |    20 |       ||    20
  Use: Scroll            |     3 |       ||     3
       Potion            |       |     2 ||     2
Armor: Scale mail        |    66 |    12 ||    78
Dodge: Dodged            |    74 |     8 ||    82
Block: Buckler           |    24 |     2 ||    26
